 Dungeon Crawl Stone Soup version 0.22.1-6-g1668fe2c40 (webtiles) character file.

2311 Kohma the Tainter (level 9, 0/78 HPs)
             Began as a Naga Venom Mage on Jan 26, 2019.
             Slain by Joseph
             ... wielding a +1 quarterstaff of protection
              (11 damage)
             ... on level 7 of the Dungeon.
             The game lasted 00:36:50 (7955 turns).

Kohma the Tainter (Naga Venom Mage)                 Turns: 7955, Time: 00:36:51

Health: 0/78       AC:  8    Str: 11    XL:     9   Next: 41%
Magic:  0/16       EV: 11    Int: 18    God:
Gold:   355        SH:  0    Dex: 10    Spells: 3/18 levels left

rFire    + . .     SeeInvis +   a - +0 shortbow
rCold    + . .     Gourm    .   (shield currently unavailable)
rNeg     . . .     Faith    .   k - +0 robe {rC+ rF+}
rPois    +         Spirit   .   s - +0 helmet
rElec    .         Reflect  .   q - +0 cloak
rCorr    .         Harm     .   p - +1 pair of gloves
MR       +....     Clarity  +   (no barding)
Stlth    ++........             (no amulet)
HPRegen  0.23/turn              (no ring)
MPRegen  0.15/turn              (no ring)

@: very slow
A: large, see invisible, clarity, clumsy 1, deformed body, poison resistance,
slowness 2, slow metabolism 1, spit poison 1, MP-powered wands, AC +3
a: Spit Poison


You were on level 7 of the Dungeon.
You were not hungry.

You visited 1 branch of the dungeon, and saw 7 of its levels.

You collected 355 gold pieces.

Inventory:

Hand Weapons
 a - a +0 shortbow (weapon)
 l - a +0 dagger of venom
 x - a +0 blowgun
 H - a +0 fustibalus
Missiles
 b - 287 stones
 i - 56 sling bullets
 r - 17 poisoned needles
 v - 33 arrows (quivered)
 A - 70 bolts
 I - a throwing net
Armour
 k - a +0 robe of resistance (worn)
 p - a +1 pair of gloves (worn)
 q - a +0 cloak (worn)
 s - a +0 helmet (worn)
Wands
 d - a wand of polymorph (17)
 f - a wand of flame (43)
Scrolls
 e - a scroll of fear
 h - 2 scrolls of enchant weapon
 m - 2 scrolls of fog
 n - 3 scrolls of teleportation
 o - 2 scrolls of amnesia
 t - a scroll of blinking
 y - 2 scrolls of remove curse
Potions
 g - a potion of curing {unknown}
 j - 2 potions of magic
 u - a potion of flight
 z - a potion of haste
 E - 3 potions of berserk rage
 J - a potion of lignification
Comestibles
 c - 10 rations
 w - 6 chunks of flesh


   Skills:
 + Level 4.0 Fighting
 * Level 0.8 Bows
 + Level 3.8 Dodging
 - Level 3.0 Stealth
 - Level 5.0 Spellcasting
 - Level 5.0 Conjurations
 - Level 3.1 Air Magic
 - Level 10.0 Poison Magic


You had 3 spell levels left.
You knew the following spells:

 Your Spells              Type           Power        Failure   Level  Hunger
a - Sting                 Conj/Pois      ####         1%          1    None
b - Poisonous Vapours     Pois/Air       ####..       1%          2    #......
c - Mephitic Cloud        Conj/Pois/Air  ####....     3%          3    ##.....
d - Olgreb's Toxic Radia  Pois           #####...     2%          4    ####...
e - Venom Bolt            Conj/Pois      ####......   17%         5    ######.

Your spell library contained the following spells:

 Spells                   Type           Power        Failure   Level  Hunger


Dungeon Overview and Level Annotations

Branches:
Dungeon (7/15)
 Temple: D:4-7

Altars:
Elyvilon
Fedhas
Kikubaaqudgha
Sif Muna
Xom

Annotations:
D:7 Joseph


Innate Abilities, Weirdness & Mutations

You cannot wear boots.
Your serpentine skin is tough. (AC +3)
You have supernaturally acute eyesight. (SInv)
Armour fits poorly on your strangely shaped body.
Your system is resistant to poisons. (rPois)
You cover ground very slowly.
You have a slow metabolism.
You can spit poison.
You possess an exceptional clarity of mind.
You are clumsy. (Dex -2)
You expend magic power (3 MP) to strengthen your wands.


Message History

The puff of flame hits Joseph.
Joseph is severely wounded.
Joseph hits you with an uncursed quarterstaff of protection.
* * * LOW HITPOINT WARNING * * *
Evoke which item? (* to show all) (? for menu, Esc to quit)
Aiming: Throw Flame
Press: ? - help, Shift-Dir - straight line, f/p - Joseph
Aim: Joseph, wielding a quarterstaff of protection and wearing a glowing The puff of flame hits Joseph.
Joseph appears unharmed.
Joseph is severely wounded.
Joseph hits you with an uncursed quarterstaff of protection!
* * * LOW HITPOINT WARNING * * *
Evoke which item? (* to show all) (? for menu, Esc to quit)
Aiming: Throw Flame
Press: ? - help, Shift-Dir - straight line, f/p - Joseph
Aim: Joseph, wielding a quarterstaff of protection and wearing a glowing The puff of flame hits Joseph.
Joseph appears unharmed.
Joseph is severely wounded.
Joseph hits you with an uncursed quarterstaff of protection!
You die...

.... #.......#
#(.#....# #).....>#
#(.#.....
#.####..##.#.#
........##.#.# #.##@#.#
#..@...# ####.### #.#
###### #.# #....#
#.#######.##.#
#.##......##.#
#.####.##.###..##.#
...................#
.#.###...#.###.....####


You could see Joseph.

Vanquished Creatures
  The ghost of gg2u2 the Covered, a novice MiFi of Trog (D:5)
  Edmund (D:6)
  2 orc warriors
  2 ice beasts
  3 ogres
  A phantom (D:5)
  A sky beast (D:7)
  A centaur (D:7)
  Blork the orc (D:5)
  2 crimson imps
  5 orc priests
  3 hounds (D:4)
  Crazy Yiuf (D:5)
  2 bullfrog skeletons (D:7)
  A jelly (D:6)
  3 orc wizards
  Terence (D:2)
  2 iguanas
  5 worker ants
  A killer bee zombie (D:6)
  A hound skeleton (D:5)
  A howler monkey zombie (D:6)
  11 adders
  5 gnolls
  A shadow imp (D:7)
  An ooze (D:4)
  2 worms
  4 dart slugs
  3 leopard geckos
  14 orcs
  6 giant cockroaches
  3 goblins
  3 hobgoblins (D:1)
  5 jackals
  A quokka (D:4)
  A ball python (D:4)
  A ball python zombie (D:5)
  A bat (D:1)
  3 frilled lizards
  A jackal zombie (D:6)
  16 kobolds
  6 rats
  A fungus (D:5)
130 creatures vanquished.

Notes
Turn   | Place    | Note
-------+----------+-------------------------------------------
     0 | D:1      | Kohma the Naga Venom Mage began the quest for the Orb.
     0 | D:1      | Reached XP level 1. HP: 15/15 MP: 3/3
   114 | D:1      | Gained mutation: You are clumsy. (Dex -2) [potion of
                  | mutation]
   114 | D:1      | Gained mutation: You expend magic power (3 MP) to
                  | strengthen your wands. [potion of mutation]
   114 | D:1      | Gained mutation: You possess an exceptional clarity of
                  | mind. [potion of mutation]
   120 | D:1      | Reached XP level 2. HP: 2/22 MP: 0/5
   420 | D:1      | Learned a level 2 spell: Poisonous Vapours
   510 | D:1      | Reached skill level 5 in Poison Magic
   721 | D:1      | Reached XP level 3. HP: 28/28 MP: 3/6
  1401 | D:2      | Reached skill level 6 in Poison Magic
  1557 | D:2      | Reached XP level 4. HP: 36/36 MP: 2/7
  1674 | D:2      | Noticed Terence
  1679 | D:2      | Killed Terence
  1723 | D:2      | Learned a level 3 spell: Mephitic Cloud
  2241 | D:3      | Reached skill level 7 in Poison Magic
  2357 | D:3      | Reached XP level 5. HP: 42/42 MP: 0/8
  2825 | D:3      | Found a shimmering altar of Xom.
  2881 | D:4      | Noticed an ogre
  2893 | D:4      | Killed an ogre
  2893 | D:4      | Reached skill level 8 in Poison Magic
  2893 | D:4      | Reached XP level 6. HP: 43/49 MP: 0/9
  3001 | D:4      | Reached skill level 9 in Poison Magic
  3301 | D:4      | Reached skill level 10 in Poison Magic
  3301 | D:4      | Reached XP level 7. HP: 55/55 MP: 1/10
  3331 | D:4      | Reached skill level 1 in Air Magic
  3870 | D:4      | Found a deep blue altar of Sif Muna.
  3872 | D:4      | Found a white marble altar of Elyvilon.
  3875 | D:4      | Found a blossoming altar of Fedhas.
  4045 | D:5      | Entered Level 5 of the Dungeon
  4900 | D:5      | Noticed Blork the orc
  4905 | D:5      | Killed Blork the orc
  4905 | D:5      | Reached XP level 8. HP: 62/62 MP: 6/11
  4963 | D:5      | Found a runed door.
  4963 | D:5      | Noticed gg2u2's ghost (novice MiFi)
  4986 | D:5      | HP: 1/62 [gg2u2's ghost (4)]
  5018 | D:5      | Killed gg2u2's ghost
  5525 | D:5      | Found a runed door.
  5529 | D:5      | Noticed Crazy Yiuf
  5535 | D:5      | Killed Crazy Yiuf
  5997 | D:6      | Reached skill level 5 in Spellcasting
  6179 | D:6      | Learned a level 4 spell: Olgreb's Toxic Radiance
  6185 | D:6      | Learned a level 5 spell: Venom Bolt
  6290 | D:6      | Noticed Edmund
  6295 | D:6      | Killed Edmund
  6295 | D:6      | Reached skill level 1 in Fighting
  6540 | D:6      | Got a bone whip
  6541 | D:6      | Identified the cursed +0 whip of Action {freeze, rPois
                  | Int+2 Dex-2} (You found it on level 6 of the Dungeon)
  6684 | D:6      | Reached skill level 5 in Conjurations
  6707 | D:6      | Reached XP level 9. HP: 52/73 MP: 14/16
  7269 | D:7      | Found an ancient bone altar of Kikubaaqudgha.
  7930 | D:7      | Noticed Joseph
  7955 | D:7      | Slain by Joseph

Skill      XL: |  1  2  3  4  5  6  7  8  9 |
---------------+----------------------------+-----
Poison Magic   | 5 6 7 8 10 | 10.0
Air Magic      | 3 |  3.1
Conjurations   | 4 5 |  5.0
Spellcasting   | 5 |  5.0
Fighting       | 1 4 |  4.0
Dodging        | 2 3 |  3.8
Bows           | |  0.8
Stealth        | |  3.0

Action                   |  1- 3 |  4- 6 |  7- 9 || total
-------------------------+-------+-------+-------++-------
Melee: Dagger            |    16 |    24 |    99 ||   139
 Fire: Fustibalus        |       |       |   240 ||   240
       Shortbow          |       |       |    16 ||    16
Throw: Stone             |     8 |     5 |     3 ||    16
 Cast: Sting             |    15 |     5 |    16 ||    36
       Poisonous Vapours |    26 |    37 |    52 ||   115
       Mephitic Cloud    |       |     4 |    10 ||    14
       Venom Bolt        |       |       |    12 ||    12
 Abil: Spit Poison       |     2 |     3 |     5 ||    10
Evoke: Wand              |       |       |     4 ||     4
  Use: Potion            |     1 |       |     7 ||     8
       Scroll            |     6 |     6 |    11 ||    23
 Stab: Confused          |       |     1 |       ||     1
  Eat: Chunk             |     2 |     5 |    10 ||    17
       Ration            |     1 |       |     3 ||     4
Armor: Robe              |     6 |     6 |   123 ||   135
Dodge: Dodged            |    16 |    30 |   162 ||   208
